 Seeded DCSS version 0.30-a0-840-ga523dec638 (webtiles) character file.

Game seed: 9908990106765037600 (custom seed)

533 bmack86 the Chopper (level 7, -7/61 HPs)
             Began as a Minotaur Fighter on Mar 2, 2023.
             Killed by divine providence
             ... invoked by an orc priest
              (9 damage)
             ... on level 4 of the Dungeon.
             The game lasted 00:08:29 (3031 turns).

bmack86 the Chopper (Minotaur Fighter)              Turns: 3031, Time: 00:08:29

Health: -7/61      AC: 13    Str: 23    XL:     7   Next: 4%
Magic:  6/6        EV:  8    Int:  5    God:
Gold:   1200       SH:  0    Dex:  9    Spells: 6/6 levels left

rFire   . . .      SeeInvis .    s - +4 executioner's axe (elec)
rCold   . . .      Faith    +    (shield currently unavailable)
rNeg    . . .      Spirit   .    k - +0 chain mail
rPois   .          Reflect  .    (helmet restricted)
rElec   .          Harm     .    f - +0 cloak
rCorr   .          Rampage  .    (no gloves)
Will    .....                    q - +1 pair of boots Stlth
                                 r - amulet of faith
HPRegen 0.30/turn                (no ring)
MPRegen 0.10/turn                (no ring)

@: no status effects
A: horns 2, retaliatory headbutt
a: no special abilities


You were on level 4 of the Dungeon.
You visited 1 branch of the dungeon, and saw 4 of its levels.

You collected 1200 gold pieces.

Inventory:

Hand Weapons
 a - a +0 war axe
 s - a +4 executioner's axe of electrocution (weapon)
Missiles
 j - 7 boomerangs (quivered)
Armour
 b - a +0 scale mail
 c - a +0 buckler
 f - a +0 cloak (worn)
 k - a +0 chain mail (worn)
 q - a +1 pair of boots (worn)
Jewellery
 r - an amulet of faith (around neck)
Wands
 p - a wand of flame (17)
Scrolls
 e - a scroll of vulnerability
 g - a scroll of amnesia
 i - a scroll of teleportation
 l - a scroll of fog
 o - a scroll of noise {unknown}
 t - a scroll of fear {unknown}
Potions
 d - a potion of might
 h - a potion of invisibility {unknown}
 m - 2 potions of attraction
 n - 2 potions of flight
 u - 3 potions of lignification {unknown}


   Skills:
 + Level 5.2 Fighting
 * Level 5.8 Axes
 + Level 2.4 Throwing
 + Level 5.1 Armour
 + Level 5.0 Shields


You had 6 spell levels left.
You didn't know any spells.
Your spell library contained the following spells:

 Spells                   Type           Power      Damage    Failure   Level
 Inner Flame              Hex/Fire       0%         N/A       100%        3
 Cause Fear               Hex            0%         N/A       100%        4
 Discord                  Hex            0%         N/A       100%        8


Dungeon Overview and Level Annotations

Branches:
Dungeon (4/15)
 Temple: D:4-7

Altars:
Cheibriados


Innate Abilities, Weirdness & Mutations

You have a pair of horns on your head.
You reflexively headbutt those who attack you in melee.


Message History

Beogh smites you!
The orc priest invokes the aid of Beogh against you.
Beogh smites you!
* * * LOW HITPOINT WARNING * * *
The orc wizard hits you but does no damage.
Your Shields skill increases to level 5!
You have reached level 7!
You hit the orc priest. Your headbutt misses the orc priest.
The orc priest is moderately wounded.
You barely miss the orc wizard. You completely miss the orc priest.
The orc priest hits you but does no damage. x2
The orc wizard hits you but does no damage.
The orc wizard gestures at you while chanting.
The magic dart hits you.
* * * LOW HITPOINT WARNING * * *
The orc priest calls down the wrath of Beogh upon you.
Pain shoots through your body!
* * * LOW HITPOINT WARNING * * *
The orc priest hits you with a +0 club.
* * * LOW HITPOINT WARNING * * *
You closely miss the orc priest.
The orc priest is moderately wounded.
You barely miss the orc wizard. You barely miss the orc priest.
The orc priest barely misses you. The orc wizard barely misses you.
The orc priest barely misses you.
Unknown command.
You closely miss the orc priest. You headbutt the orc priest.
The orc priest is heavily wounded.
You barely miss the orc wizard. You slash the orc priest!
The orc priest calls upon Beogh to heal the orc priest.
The orc priest is healed somewhat.
The orc priest hits you with a +0 club.
* * * LOW HITPOINT WARNING * * *
The orc wizard hits you with a +0 dagger.
* * * LOW HITPOINT WARNING * * *
The orc wizard casts a spell.
The orc wizard flickers and vanishes!
Deactivating autopickup; reactivate with Ctrl-A.
The orc priest invokes the aid of Beogh against you.
Beogh smites you!
You die...

##.........##. ##
##..........#.. #.
#.............. ##..
#.......##).... #...
##...#.#.#...... . #..#
#...####........
...#...##....# #......##
......{#.....# #......##
......o@.....# #.......#
#.....o.................
##......................
####...................
.....................
###.##................
.. ................. #..
.................
.......


You could see 2 orc priests.

Vanquished Creatures
  A phantom (D:4)
  A scorpion (D:4)
  A jelly (D:4)
  3 hounds (D:4)
  An orc priest (D:4)
  Jessica (D:3)
  Terence (D:2)
  7 adders
  3 gnolls (D:4)
  A worm (D:2)
  3 dart slugs
  11 orcs
  5 ball pythons
  9 bats
  10 endoplasms
  3 giant cockroaches
  10 goblins
  10 hobgoblins
  4 jackals
  7 kobolds
  A quokka (D:1)
  5 frilled lizards
  2 rats
100 creatures vanquished.

Notes
Turn   | Place    | Note
-------+----------+-------------------------------------------
     0 | D:1      | bmack86 the Minotaur Fighter began the quest for the Orb.
     0 | D:1      | Reached XP level 1. HP: 19/19 MP: 0/0
   148 | D:1      | Reached XP level 2. HP: 27/27 MP: 1/1
   416 | D:1      | Reached XP level 3. HP: 33/33 MP: 2/2
   866 | D:2      | Noticed Terence
   874 | D:2      | Killed Terence
   956 | D:2      | Reached XP level 4. HP: 36/40 MP: 3/3
  1007 | D:2      | Found a faded altar of an unknown god.
  1448 | D:2      | Reached skill level 1 in Throwing
  1996 | D:3      | Found a snail-covered altar of Cheibriados.
  2121 | D:3      | Noticed Jessica
  2123 | D:3      | Killed Jessica
  2124 | D:3      | Reached XP level 5. HP: 47/47 MP: 4/4
  2551 | D:3      | Identified 2 scrolls of acquirement
  2551 | D:3      | Acquired 928 gold pieces
  2553 | D:3      | Acquired a +2 executioner's axe of electrocution
  2871 | D:4      | Noticed a phantom
  2876 | D:4      | Killed a phantom
  2877 | D:4      | Reached skill level 5 in Axes
  2877 | D:4      | Reached XP level 6. HP: 55/55 MP: 5/5
  2963 | D:4      | Reached skill level 5 in Fighting
  2963 | D:4      | Reached skill level 5 in Armour
  3029 | D:4      | Reached skill level 5 in Shields
  3029 | D:4      | Reached XP level 7. HP: 15/61 MP: 6/6
  3031 | D:4      | HP: 3/61 [orc priest/+0 club (2)]
  3031 | D:4      | Killed from afar by an orc priest

Illustrated notes

Levels and vault maps discovered:
D:1:      giann_bridges, layout_loops_corners, serial_glass, glass_columns_a,
          glass_columns_b, minmay_pentomino_w4
D:2:      layout_rooms, serial_co_window_serial, co_window_of_opportunity_a,
          co_window_paths_a, co_window_of_opportunity_a, co_window_cross_1,
          co_window_paths_a, co_window_broadway_a, co_window_paths_c,
          co_window_broadway_a, co_window_4corner_b, glass_columns_a,
          hellmonk_ecumenical_altar_blasted, uniq_terence
D:3:      layout_basic, mainiacjoe_overflow_surrounded_room, serial_forest,
          infiniplex_forest_zigzag_2, infiniplex_forest_end_1,
          infiniplex_forest_corner_2, infiniplex_forest_end_2,
          infiniplex_forest_lined_1, infiniplex_forest_clump_curved,
          infiniplex_forest_lined_room_3, infiniplex_forest_clump_curved,
          infiniplex_forest_fountain, guppyfry_early_orc_mine, uniq_jessica
D:4:      layout_cave_pools

Skill      XL: |  1  2  3  4  5  6 |
---------------+-------------------+-----
Axes           | 3 4 5 |  5.8
Armour         | 4 5 |  5.1
Shields        | 4 5 |  5.0
Fighting       | 4 5 |  5.2
Throwing       | 1 2 |  2.4

Action                     |  1- 3 |  4- 6 |  7- 9 || total
---------------------------+-------+-------+-------++-------
  Melee: War axe           |    60 |    81 |       ||   141
         Headbutt          |     8 |    16 |     1 ||    25
         Executioner's axe |       |    32 |     3 ||    35
  Throw: Boomerang         |       |    13 |       ||    13
    Use: Scroll            |     3 |     9 |       ||    12
 Armour: Scale mail        |    30 |       |       ||    30
         Chain mail        |     6 |    91 |     3 ||   100
  Dodge: Dodged            |    22 |    56 |     3 ||    81
  Block: Buckler           |    18 |    15 |       ||    33

Table legend: (Time is in decaauts)
 A = Elapsed time spent in this place.
 B = Non-inter-level travel time spent in this place.
 C = Inter-level travel time spent in this place.
 D = Time resting spent in this place.
 E = Time spent auto-exploring this place.
 F = Levels seen in this place.
 G = Mean time per level.
                   A        B        C        D        E       F      G
               +--------+--------+--------+--------+--------+-----+--------+
         Total |   3108 |   3046 |     62 |      0 |   2068 |   4 |  777.0 |
       Dungeon |   3108 |   3046 |     62 |      0 |   2068 |   4 |  777.0 |
               +--------+--------+--------+--------+--------+-----+--------+

Top non-repeatable levels by time:
     D:3: 1009 daAuts
     D:2: 959 daAuts
     D:1: 876 daAuts
     D:4: 263 daAuts
